 Dungeon Crawl Stone Soup version 0.20.0-8-g6b59dc7 (webtiles) character file.

2 RKaid the Sneak (level 1, 0/9 HPs)
             Began as a Spriggan Enchanter on June 1, 2017.
             Slain by a bat (1 damage)
             ... on level 1 of the Dungeon.
             The game lasted 00:00:35 (76 turns).

RKaid the Sneak (Spriggan Enchanter)                  Turns: 76, Time: 00:00:36

Health: 0/9        AC:  2    Str:  4    XL:     1   Next: 25%
Magic:  2/5        EV: 18    Int: 16    God:
Gold:   0          SH:  0    Dex: 16    Spells: 4/5 levels left

rFire    . . .     SeeInvis +   a - +1 dagger
rCold    . . .     Gourm    .   (shield restricted)
rNeg     . . .     Faith    .   b - +0 robe
rPois    .         Spirit   .   (helmet restricted)
rElec    .         Reflect  .   (no cloak)
rCorr    .         Harm     .   (gloves unavailable)
MR       .....                  (boots unavailable)
Stlth    +++.......             (no amulet)
Regen    0.1/turn               (no ring)
MPRegen  0.1/turn               (no ring)

@: very slightly contaminated, very quick
A: unfitting armour, see invisible, herbivore 3, speed 3, slow metabolism 2
a: no special abilities


You were on level 1 of the Dungeon.
You were not hungry.

You visited 1 branch of the dungeon, and saw 1 of its levels.

Inventory:

Hand Weapons
 a - a +1 dagger (weapon)
Armour
 b - a +0 robe (worn)
Books
 c - a book of Maledictions
Comestibles
 d - a bread ration


   Skills:
 + Level 1.2 Short Blades
 + Level 3.0 Dodging
 + Level 4.4 Stealth
 + Level 2.7 Spellcasting
 + Level 3.7 Hexes


You had 4 spell levels left.
You knew the following spells:

 Your Spells              Type           Power        Failure   Level  Hunger
b - Corona                Hex            ##.....      4%          1    #......


Dungeon Overview and Level Annotations

Branches:
Dungeon (1/15)

Altars:


Innate Abilities, Weirdness & Mutations

You are very small and have problems with some larger weapons.
You are too small for most types of armour.
You have supernaturally acute eyesight. (SInv)
You are a herbivore.
You cover ground extremely quickly.
You need consume almost no food.


Message History

Welcome, RKaid the Spriggan Enchanter.
It is said that the Orb of Zot exists deep within this dungeon.
Press ? for a list of commands and other information.
Found a staircase leading out of the dungeon.
You open the door.
The hobgoblin shouts!
You hear a shout!
There is an open door here.
You open the door.
Found an escape hatch in the floor.
The goblin shouts!
The gnoll shouts!
The hobgoblin shouts!
The goblin shouts!
The gnoll shouts!
You hear a shout! x2
The hobgoblin shouts!
You hear a shout! x2
You see here a whip.
The hobgoblin shouts!
The orc shouts!
The hobgoblin shouts!
The orc shouts!
The hobgoblin shouts!
The gnoll shouts!
The goblin shouts!
The kobold shouts!
You open the door.
There is an open door here.
A bat and a kobold come into view.
The kobold shouts!
The kobold throws a stone.
The stone completely misses you.
A bat comes into view.
The bat barely misses you.
Casting: Corona
Confirm with . or Enter, or press ? or * to list all spells.
Aiming: Corona
Press: ? - help, Shift-Dir - straight line, f - bat
Aim: a bat (chance to defeat MR: 67%)
The bat is outlined in light.
The bat closely misses you. The kobold hits you with a whip.
Casting: Corona
Confirm with . or Enter, or press ? or * to list all spells.
Aiming: Corona
Press: ? - help, Shift-Dir - straight line, f/p - bat
Aim: a bat (softly glowing, chance to defeat MR: 67%)
The kobold barely resists.
The kobold hits you with a whip.
The kobold throws a stone.
The stone misses you.
You see here a stone.
Casting: Corona
Confirm with . or Enter, or press ? or * to list all spells.
Aiming: Corona
Press: ? - help, Shift-Dir - straight line, f/p - bat
Aim: a bat (softly glowing, chance to defeat MR: 67%)
The kobold is outlined in light.
You hit the kobold.
You kill the kobold!
The bat completely misses you.
You barely miss the bat. The bat hits you but does no damage.
You hit the bat. The bat misses you.
You barely miss the bat. The bat misses you.
The bat hits you but does no damage.
You hit the bat.
You kill the bat!
The bat closely misses you. The bat hits you.
You hit the bat. The bat completely misses you. x2
Casting: Corona
Confirm with . or Enter, or press ? or * to list all spells.
Aiming: Corona
Press: ? - help, Shift-Dir - straight line, f - bat
Aim: a bat (moderately wounded, chance to defeat MR: 68%)
You miscast Corona.
You are very lightly contaminated with residual magic.
Nothing appears to happen.
The bat hits you.
* * * LOW HITPOINT WARNING * * *
The bat misses you.
Items here: ( ) †† a whip; a stone; a bat corpse; a kobold corpse You hit the bat.
The bat misses you.
You see here a stone.
You closely miss the bat. The bat closely misses you.
The bat hits you but does no damage.
You closely miss the bat. The bat misses you. The bat closely misses you.
Okay, then.
Unknown command.
Casting: Corona
Confirm with . or Enter, or press ? or * to list all spells.
You don't know that spell.
Unknown command.
Casting: Corona
Confirm with . or Enter, or press ? or * to list all spells.
Aiming: Corona
Press: ? - help, Shift-Dir - straight line, f/p - bat
Aim: a bat (chance to defeat MR: 68%)
The bat is outlined in light.
The bat completely misses you. The bat hits you.
* * * LOW HITPOINT WARNING * * *
The bat closely misses you. The bat closely misses you.
You see here a stone.
The bat misses you. The bat hits you.
You die...

..K#...#...#.Kg#
.gg#.gg#..g#ggK#
##################
.....).........'.#
################.#
.gg#.gg#.gg#ogo#.#
...#...#.!.#.gg#.#
################.#
#...!. #.@#
##..#.#########b##
.$.....).(...(..#
##..#############
#. .K #


You could see a bat.

Vanquished Creatures
  A bat (D:1)
  A kobold (D:1)
2 creatures vanquished.

Notes
Turn   | Place    | Note
-------+----------+-------------------------------------------
     0 | D:1      | RKaid the Spriggan Enchanter began the quest for the Orb.
     0 | D:1      | Reached XP level 1. HP: 9/9 MP: 5/5
    60 | D:1      | HP: 2/9 [bat (1)]
    70 | D:1      | HP: 1/9 [bat (1)]
    76 | D:1      | Slain by a bat

Action                   || total
-------------------------++-------
Melee: Dagger            ||     9
 Cast: Corona            ||     4
Armor: Robe              ||     3
Dodge: Dodged            ||    19

Table legend:
 A = Turns spent in this place as a percentage of turns spent in the entire game.
 B = Non-inter-level travel turns spent in this place as a percentage of non-inter-level travel turns spent in the entire game.
 C = Inter-level travel turns spent in this place as a percentage of turns spent in this place.
 D = Turns resting spent in this place as a percentage of non-inter-level travel turns spent in this place.
 E = Turns spent auto-exploring this place as a percentage of non-inter-level travel turns spent in this place.
 F = Non-inter-level travel turns spent in this place divided by the number of levels of this place that you've seen.
                   A       B       C       D       E      F
               +-------+-------+-------+-------+-------+----------------------
         Total | 100.0 | 100.0 |   0.0 |   0.0 |   1.3 |  78.0
       Dungeon | 100.0 | 100.0 |   0.0 |   0.0 |   1.3 |  78.0
               +-------+-------+-------+-------+-------+----------------------

Table legend:
 A = Kills in this place as a percentage of kills in entire the game.
 B = Kills by you in this place as a percentage of kills by you in the entire game.
 C = Kills by friends in this place as a percentage of kills by friends in the entire game.
 D = Other kills in this place as a percentage of other kills in the entire game.
 E = Experience gained in this place as a percentage of experience gained in the entire game.
 F = Experience gained in this place divided by the number of levels of this place that you have seen.
                   A       B       C       D       E      F
               +-------+-------+-------+-------+-------+----------------------
         Total | 100.0 | 100.0 |  -nan |  -nan | 100.0 |   3.0
       Dungeon | 100.0 | 100.0 |  -nan |  -nan | 100.0 |   3.0
               +-------+-------+-------+-------+-------+----------------------
